 Dungeon Crawl Stone Soup version 0.31-a0-112-gdf0485fa37 (webtiles) character file.

Game seed: 11862581406768715626

264 Drazool the Shooter (level 6, -1/46 HPs)
             Began as a Barachi Hunter on May 29, 2023.
             Was an Initiate of Cheibriados.
             Slain by a centaur (2 damage)
             ... on level 4 of the Dungeon.
             The game lasted 00:08:29 (2948 turns).

Drazool the Shooter (Barachi Hunter)                Turns: 2948, Time: 00:08:30

Health: -1/46      AC:  3    Str: 13    XL:     6   Next: 19%
Magic:  6/6        EV: 12    Int: 10    God:    Cheibriados [......]
Gold:   134        SH:  0    Dex: 19    Spells: 5/5 levels left

rFire   . . .        b - +2 falchion (vamp)
rCold   . . .        (no shield)
rNeg    . . .        c - +0 leather armour
rPois   .            (no helmet)
rElec   .            (no cloak)
rCorr   .            (no gloves)
SInv    .            (no boots)
Will    .....        (no amulet)
Stlth   ++           (no ring)
HPRegen 0.27/turn    (no ring)
MPRegen 0.10/turn

%: no passive effects
@: unable to hop, very slow
A: amphibious, slowness 1, strong legs 1, +LOS
a: Hop, Renounce Religion


You were on level 4 of the Dungeon.
You worshipped Cheibriados.
Cheibriados was noncommittal.
You visited 1 branch of the dungeon, and saw 4 of its levels.

You collected 134 gold pieces.


Innate Abilities, Weirdness & Mutations

You are amphibious.
You cover ground slowly.
You can hop short distances.
You have an extended range of vision and can be seen from far away.


   Skills:
 - Level 2.4 Fighting
 + Level 7.3 Ranged Weapons
 - Level 2.1 Dodging
 - Level 0.8 Stealth


You had 5 spell levels left.
You didn't know any spells.
Your spell library contained the following spells:

 Spells                   Type           Power      Damage    Failure   Level
 Summon Small Mammal      Summ           0%         N/A       43%         1
 Blink                    Tloc           0%         N/A       58%         2
 Lesser Beckoning         Tloc           0%         N/A       58%         2
 Momentum Strike          Conj/Tloc      0%         3d8       58%         2
 Call Canine Familiar     Summ           0%         N/A       82%         3
 Summon Guardian Golem    Hex/Summ       0%         N/A       82%         3

Inventory:

Hand Weapons
 a - a +0 shortbow
 b - a +2 vampiric falchion (weapon)
 j - a +2 heavy mace
Armour
 c - a +0 leather armour (worn)
Wands
 n - a wand of mindburst (22)
Scrolls
 d - 2 scrolls of blinking
 f - 3 scrolls of poison {unknown}
 h - 2 scrolls of enchant weapon
 i - a scroll of fear {unknown}
 k - a scroll of vulnerability {unknown}
 l - a scroll of magic mapping {unknown}
 m - 2 scrolls of immolation
 o - a scroll of amnesia {unknown}
 p - 2 scrolls of identify {@r1}
Potions
 e - a potion of enlightenment {unknown}
 g - a potion of might {unknown}
 q - a potion of magic {unknown}

Dungeon Overview and Level Annotations

Branches:
Dungeon (4/15)
 Temple: D:4-7

Altars:
Cheibriados
Hepliaklqana
Nemelex Xobeh
Okawaru
Ru
Trog
Uskayaw
Wu Jian
Zin
The Shining One

Shops:
D:2

=
##.#########..#..##.#........#
# #.# #..#..##.#...####.# #
##.## #..#..##......# #.# #
....# #.....##.......##.# #
##..#########.#..###..........
.
#.........##......##...####.#
#..######.####..#.##..##
#.......#.## #c.#.# ..##
#..####....###.@#.##...##
##.......................#
#..)..##...)####..........
#........# # #.#.###.###
#.....#..# . ..#.#
##...##..#.# ####.#
#.#.##..#.# .# #.#.##..#.# .#
#.........###### .#


You could see a centaur.


Message History

You feel a sense of dread.
b - a +2 vampiric falchion (weapon)
The centaur hits you but does no damage.
The centaur closely misses you.
You barely miss the centaur.
The centaur is moderately wounded.
The centaur hits you.
* * * LOW HITPOINT WARNING * * *
The centaur closely misses you. The centaur hits you.
* * * LOW HITPOINT WARNING * * *
The centaur closely misses you.
You hit the centaur.
You feel better.
The centaur is moderately wounded.
The centaur hits you.
* * * LOW HITPOINT WARNING * * *
The centaur closely misses you.
Unknown command.
You hit the centaur.
The centaur is heavily wounded.
The centaur hits you.
* * * LOW HITPOINT WARNING * * *
The centaur kicks you but does no damage.
The centaur barely misses you. The centaur completely misses you.
Unknown command.
You hit the centaur but do no damage.
The centaur is moderately wounded.
The centaur hits you.
* * * LOW HITPOINT WARNING * * *
The centaur kicks you.
You die...

Skill      XL: |  1  2  3  4  5 |
---------------+----------------+-----
Ranged Weapons | 5 6 7 |  7.3
Fighting       | |  2.4
Dodging        | |  2.1
Stealth        | |  0.8

Action                     |  1- 3 |  4- 6 || total
---------------------------+-------+-------++-------
  Melee: Falchion          |       |     4 ||     4
   Fire: Shortbow          |    94 |   169 ||   263
Ability: Hop               |       |     1 ||     1
    Use: Scroll            |       |     2 ||     2
 Armour: Leather armour    |     8 |    20 ||    28
  Dodge: Dodged            |    22 |    69 ||    91

Levels and vault maps discovered:
D:1:      minmay_arrival_glassed_features, layout_basic, grunt_decor_junction,
          nicolae_eternal_life
D:2:      layout_loops_cross, serial_shops, shop,
          amcnicky_mini_rare_corridor_liquid
D:3:      minmay_evil_eye, layout_loops_ring, ebering_ecumenical_altar_box
D:4:      layout_loops_ring, nicolae_overflow_hallway_of_the_gods,
          minmay_crystal_water

Notes
Turn   | Place    | Note
-------+----------+-------------------------------------------
     0 | D:1      | Drazool the Barachi Hunter began the quest for the Orb.
     0 | D:1      | Reached XP level 1. HP: 17/17 MP: 1/1
   264 | D:1      | Reached XP level 2. HP: 23/23 MP: 2/2
   762 | D:1      | Reached skill level 5 in Ranged Weapons
   762 | D:1      | Reached XP level 3. HP: 8/28 MP: 3/3
  1039 | D:2      | Reached XP level 4. HP: 31/34 MP: 4/4
  1380 | D:2      | Found Axkiud's Jewellery Emporium.
  1546 | D:2      | Reached skill level 6 in Ranged Weapons
  1808 | D:3      | Found a faded altar of an unknown god.
  1829 | D:3      | Reached XP level 5. HP: 37/39 MP: 5/5
  2308 | D:3      | Reached skill level 7 in Ranged Weapons
  2679 | D:4      | Reached XP level 6. HP: 46/46 MP: 6/6
  2815 | D:4      | Found a snail-covered altar of Cheibriados.
  2815 | D:4      | Found an iron altar of Okawaru.
  2815 | D:4      | Found a glowing golden altar of the Shining One.
  2824 | D:4      | Found a sparkling altar of Nemelex Xobeh.
  2825 | D:4      | Became a worshipper of Cheibriados the Contemplative
  2827 | D:4      | Found a sacrificial altar of Ru.
  2830 | D:4      | Found a hazy altar of Hepliaklqana.
  2832 | D:4      | Found an ornate altar of the Wu Jian Council.
  2832 | D:4      | Found a glowing silver altar of Zin.
  2836 | D:4      | Found a hide-covered altar of Uskayaw.
  2837 | D:4      | Found a bloodstained altar of Trog.
  2947 | D:4      | HP: 3/46 [centaur (4)]
  2948 | D:4      | HP: 1/46 [centaur (2)]
  2948 | D:4      | Slain by a centaur

Vanquished Creatures
  A hound (D:3)
  An iguana (D:4)
  An orc wizard (D:3)
  10 adders
  4 worms
  A dart slug (D:2)
  11 orcs
  4 ball pythons
  6 bats
  4 endoplasms
  5 giant cockroaches
  5 goblins
  6 hobgoblins
  A jackal (D:3)
  2 quokkas (D:1)
  2 frilled lizards (D:3)
  6 kobolds
  3 rats (D:3)
73 creatures vanquished.

Table legend: (Time is in decaauts)
 A = Elapsed time spent in this place.
 B = Non-inter-level travel time spent in this place.
 C = Inter-level travel time spent in this place.
 D = Time resting spent in this place.
 E = Time spent auto-exploring this place.
 F = Levels seen in this place.
 G = Mean time per level.
                   A        B        C        D        E       F      G
               +--------+--------+--------+--------+--------+-----+--------+
         Total |   3444 |   3348 |     96 |     96 |   2734 |   4 |  861.0 |
       Dungeon |   3444 |   3348 |     96 |     96 |   2734 |   4 |  861.0 |
               +--------+--------+--------+--------+--------+-----+--------+

Top non-repeatable levels by time:
     D:2: 1081 daAuts
     D:1: 991 daAuts
     D:3: 944 daAuts
     D:4: 426 daAuts

Table legend:
 A = Non-vault XP
 B = Vault XP
 C = Vault XP percentage of total XP
 D = Non-vault monster count
 E = Vault monster count
 F = Vault count percentage of total count
                 A         B        C        D         E       F
            +---------+---------+-------+---------+---------+-------
      Total |     369 |       9 |   2.4 |      67 |       6 |   8.2
            +---------+---------+-------+---------+---------+-------
        D:1 |      40 |       0 |   0.0 |      15 |       0 |   0.0
        D:2 |     114 |       0 |   0.0 |      26 |       0 |   0.0
        D:3 |     144 |       9 |   5.9 |      19 |       6 |  24.0
        D:4 |      71 |       0 |   0.0 |       7 |       0 |   0.0
            +---------+---------+-------+---------+---------+-------
